 Dungeon Crawl Stone Soup version 0.24-a0-475-g5b41c6f (webtiles) character file.

Game seed: 7053856783478920503

100 robbits the Slasher (level 4, -9/34 HPs)
             Began as a Demonspawn Gladiator on July 6, 2019.
             Was an Initiate of Okawaru.
             Killed by divine providence
             ... invoked by an orc priest
              (15 damage)
             ... on level 3 of the Dungeon.
             The game lasted 00:03:07 (2407 turns).

robbits the Slasher (Demonspawn Gladiator)          Turns: 2407, Time: 00:03:07

Health: -9/34      AC:  4    Str: 15    XL:     4   Next: 47%
Magic:  4/4        EV: 13    Int:  9    God:    Okawaru [......]
Gold:   53         SH:  0    Dex: 15    Spells: 3/3 levels left

rFire    . . .     SeeInvis .   a - +0 long sword
rCold    . . .     Gourm    .   (no shield)
rNeg     . . .     Faith    .   b - +1 leather armour
rPois    .         Spirit   .   (helmet restricted)
rElec    .         Reflect  .   (no cloak)
rCorr    .         Harm     .   (no gloves)
MR       .....                  (no boots)
Stlth    +.........             (no amulet)
HPRegen  0.11/turn              (no ring)
MPRegen  0.09/turn              (no ring)

@: about to teleport
A: antennae 1
a: Renounce Religion


You were on level 3 of the Dungeon.
You worshipped Okawaru.
Okawaru was noncommittal.
You were very hungry.

You visited 1 branch of the dungeon, and saw 3 of its levels.

You collected 53 gold pieces.

Inventory:

Hand Weapons
 a - a +0 long sword (weapon)
Missiles
 d - 3 throwing nets (quivered)
Armour
 b - a +1 leather armour (worn)
Scrolls
 i - a scroll of teleportation
 k - 2 scrolls of identify
Potions
 e - a potion of might
 g - a potion of magic
 j - a potion of curing
Comestibles
 f - 2 rations


   Skills:
 + Level 2.7 Fighting
 * Level 3.6 Long Blades
 - Level 1.7 Throwing
 * Level 1.6 Armour
 + Level 3.2 Dodging


You had 3 spell levels left.
You didn't know any spells.
Your spell library was empty.

Dungeon Overview and Level Annotations

Branches:
Dungeon (3/15)

Altars:
Fedhas
Okawaru


Innate Abilities, Weirdness & Mutations

You have a pair of small antennae on your head.


Message History

The orc wizard is heavily wounded.
The orc hits you from afar with a +0 trident!
The orc wizard casts a spell.
The orc wizard seems to speed up.
The orc closely misses you.
You closely miss the orc wizard.
The orc wizard is heavily wounded.
The orc wizard gestures at you while chanting.
The magic dart hits you.
The orc priest mumbles some strange prayers to Beogh against you.
Beogh smites you!
* * * LOW HITPOINT WARNING * * *
The orc misses you.
Okay, then.
As you read the scroll of teleportation, it crumbles to dust.
You feel strangely unstable.
The orc wizard casts a spell.
The orc wizard blinks!
The orc barely misses you.
The orc priest calls down the wrath of Beogh upon you.
Beogh smites you!
You die...

,,....#..#..# *,,,,,,,,,
,**,,*####.[########****,,.,,****
,*,,,,,,,#....).....,,,,,..,,,,,,
,*,*,***,#..........,,,,...,,*<**
,*,*,* *,##..#######*,,..!.,**,**
,*,*,* *,*#......# *,.....,**,**
**,*,*##.###.###.####.o..##***,,,
,,,,,............o.ooo.....,,,,,,
**,**.##.##..##.@####....##****,,
,,,**,**,*#...P..# *,...# *,,
*****,,*,*#PPPP..# ***### *,, *
**,*,*#PP_PP.# *,,
******,*,*#PPP.P.# ***
**,,,,,,,*#.PPP..#
,,,,,,*,,........#
,,,,,,*,,....##.##
,,,,,,*,,,,,,**,*


You could see an orc priest, an orc wizard and 3 orcs.

Vanquished Creatures
  Robin (D:2)
  A gnoll (D:2)
  An ooze (D:1)
  4 worms
  A dart slug (D:2)
  A leopard gecko (D:1)
  2 giant cockroaches
  16 goblins
  8 hobgoblins
  A quokka (D:2)
  A ball python (D:2)
  5 bats
  2 frilled lizards
  9 kobolds
  3 rats
56 creatures vanquished.

Notes
Turn   | Place    | Note
-------+----------+-------------------------------------------
     0 | D:1      | robbits the Demonspawn Gladiator began the quest for the
                  | Orb.
     0 | D:1      | Reached XP level 1. HP: 16/16 MP: 1/1
   291 | D:1      | Gained mutation: You have a pair of small antennae on your
                  | head. [demonic ancestry]
   291 | D:1      | Reached XP level 2. HP: 19/22 MP: 2/2
  1129 | D:2      | Reached XP level 3. HP: 27/28 MP: 3/3
  1221 | D:2      | Reached skill level 1 in Armour
  1512 | D:2      | Noticed Robin
  1559 | D:2      | Killed Robin
  1559 | D:2      | Reached XP level 4. HP: 7/34 MP: 4/4
  2289 | D:2      | Found an iron altar of Okawaru.
  2297 | D:2      | Became a worshipper of Warmaster Okawaru
  2386 | D:3      | Found a blossoming altar of Fedhas.
  2407 | D:3      | Killed from afar by an orc priest

Levels and vault maps discovered:
D:1:      lightli_arrival_farm, layout_basic
D:2:      layout_loops_ring, okawaru_altar_gauntlet_db, uniq_robin
D:3:      layout_basic, marbit_many_paths, fedhas_altar_3

Skill      XL: |  1  2  3 |
---------------+----------+-----
Long Blades    | 3 |  3.6
Armour         | 1 |  1.6
Dodging        | 3 |  3.2
Fighting       | |  2.7
Throwing       | |  1.7

Action                   |  1- 3 |  4- 6 || total
-------------------------+-------+-------++-------
Melee: Long sword        |   109 |    45 ||   154
  Use: Scroll            |     2 |     4 ||     6
       Potion            |     4 |       ||     4
  Eat: Chunk             |     2 |     2 ||     4
Armor: Leather armour    |    28 |    10 ||    38
Dodge: Dodged            |   101 |    43 ||   144
       Rpst.: Long sword |    29 |     9 ||    38

Table legend:
 A = Non-vault XP
 B = Vault XP
 C = Vault XP percentage of total XP
 D = Non-vault monster count
 E = Vault monster count
 F = Vault count percentage of total count
                 A         B        C        D         E       F
            +---------+---------+-------+---------+---------+-------
      Total |      80 |      64 |  44.4 |      37 |      19 |  33.9
            +---------+---------+-------+---------+---------+-------
        D:1 |      34 |       0 |   0.0 |      18 |       0 |   0.0
        D:2 |      38 |      64 |  62.7 |      16 |      19 |  54.3
        D:3 |       8 |       0 |   0.0 |       3 |       0 |   0.0
            +---------+---------+-------+---------+---------+-------
